 Dungeon Crawl Stone Soup version 0.24-a0-130-ga3c21ff (webtiles) character file.

Game seed: 15936477314200578365

102 Borgoz the Sneak (level 4, -2/36 HPs)
             Began as a Ghoul Enchanter on Feb 26, 2019.
             Slain by Terence
             ... wielding a +0 hand axe
              (4 damage)
             ... on level 2 of the Dungeon.
             The game lasted 00:04:47 (1648 turns).

Borgoz the Sneak (Ghoul Enchanter)                  Turns: 1648, Time: 00:04:47

Health: -2/36      AC:  3    Str: 11    XL:     4   Next: 78%
Magic:  6/6        EV: 12    Int: 10    God:
Gold:   71         SH:  0    Dex: 10    Spells: 4/7 levels left

rFire    . . .     SeeInvis .     - Unarmed
rCold    + . .     Gourm    .   (no shield)
rNeg     + + +     Faith    .   b - +0 robe
rPois    ∞         Spirit   .   (no helmet)
rElec    .         Reflect  .   (no cloak)
rCorr    .         Harm     .   (no gloves)
MR       .....                  c - +0 pair of boots
Stlth    ++........             (no amulet)
HPRegen  0.00/turn              (no ring)
MPRegen  0.10/turn              (no ring)

@: rotting
A: rotting body, claws 1, carnivore, cold resistance 1, negative energy
resistance 3, inhibited regeneration, torment resistance, unbreathing
a: no special abilities


You were on level 2 of the Dungeon.
You were not hungry.

You visited 1 branch of the dungeon, and saw 2 of its levels.

You collected 71 gold pieces.

Inventory:

Armour
 b - a +0 robe (worn)
 c - a +0 pair of boots (worn)
Jewellery
 a - an uncursed amulet of harm {unknown}
Scrolls
 e - a scroll of identify
Comestibles
 d - 4 rations


   Skills:
 * Level 2.2 Fighting
   Level 0.8 Short Blades
 + Level 2.1 Dodging
 + Level 3.7 Stealth
 * Level 2.1 Unarmed Combat
 + Level 2.2 Spellcasting
 + Level 2.7 Hexes


You had 4 spell levels left.
You knew the following spells:

 Your Spells              Type           Power        Failure   Level  Hunger
a - Corona                Hex            #......      10%         1    ##.....
b - Ensorcelled Hibernat  Hex/Ice        #.....       26%         2    ###....

Your spell library contained the following spells:

 Spells                   Type           Power        Failure   Level  Hunger
 Confuse                  Hex            #.......     30%         3    ####...
 Tukima's Dance           Hex            #.......     30%         3    ####...
 Dazzling Spray           Conj/Hex       #.....       45%         3    ####...


Dungeon Overview and Level Annotations

Branches:
Dungeon (2/15)

Altars:
Ru

Annotations:
D:2 1 runed translucent door, Crazy Yiuf, Robin, Terence


Innate Abilities, Weirdness & Mutations

Your body is rotting away.
You thrive on raw meat.
You are immune to poison.
You have sharp fingernails.
You are carnivorous and can eat meat at any time.
Your flesh is cold resistant. (rC+)
You are immune to negative energy. (rN+++)
You do not regenerate when monsters are visible.
You are immune to unholy pain and torment.
You can survive without breathing.


Message History

You scratch Terence but do no damage.
Terence is almost dead.
Terence says, "Don't bother to defend, it's useless."
Terence closely misses you.
You scratch Terence but do no damage.
Terence is almost dead.
Terence barely misses you.
You scratch Terence but do no damage.
Terence is almost dead.
Terence hits you with a +0 hand axe.
* * * LOW HITPOINT WARNING * * *
You scratch Terence but do no damage.
Terence is almost dead.
You scratch Terence but do no damage.
Terence is almost dead.
Terence closely misses you.
You scratch Terence but do no damage.
Terence is almost dead.
Terence hits you with a +0 hand axe.
You die...

.. .. ....... #
....... ?......
### .....@) ..#
..... #.# ... #.#
####.########.#
#.....@@....#.###
###########.....#
#.....# #.#...#
#.##.##
#####.#..#
........######
###########
.#####.......#
..........#
#.#####..####.#


You could see Terence.

Vanquished Creatures
  An orc wizard (D:2)
  2 adders (D:2)
  An ooze (D:2)
  A dart slug (D:1)
  2 leopard geckos
  2 ball pythons
  A giant cockroach (D:1)
  10 goblins
  7 hobgoblins
  A jackal (D:2)
  A quokka (D:2)
  5 bats
  A frilled lizard (D:1)
  6 kobolds
  4 rats (D:1)
45 creatures vanquished.

Notes
Turn   | Place    | Note
-------+----------+-------------------------------------------
     0 | D:1      | Borgoz the Ghoul Enchanter began the quest for the Orb.
     0 | D:1      | Reached XP level 1. HP: 14/14 MP: 2/2
   290 | D:1      | Reached XP level 2. HP: 22/22 MP: 3/3
   485 | D:1      | Reached skill level 1 in Fighting
   647 | D:1      | Reached skill level 1 in Unarmed Combat
   764 | D:1      | Reached XP level 3. HP: 21/28 MP: 5/5
  1044 | D:2      | Found a runed translucent door.
  1045 | D:2      | Noticed Crazy Yiuf
  1202 | D:2      | Noticed Robin
  1247 | D:2      | Reached XP level 4. HP: 29/36 MP: 6/6
  1259 | D:2      | Found a sacrificial altar of Ru.
  1614 | D:2      | Noticed Terence
  1619 | D:2      | Learned a level 2 spell: Ensorcelled Hibernation
  1648 | D:2      | Slain by Terence

Levels and vault maps discovered:
D:1:      nicolae_arrival_memento_mori, layout_rooms
D:2:      layout_basic, nicolae_ru_great_annihilating_truth, first_ration,
          chequers_ecumenical_altar_grove, uniq_terence,
          uniq_crazy_yiuf_cottage, uniq_robin

Skill      XL: |  1  2  3  4 |
---------------+-------------+-----
Fighting       | 1 2 |  2.2
Dodging        | 2 |  2.1
Unarmed Combat | 1 2 |  2.1
Spellcasting   | 2 |  2.2
Short Blades   | |  0.8
Stealth        | |  3.7
Hexes          | |  2.7

Action                   |  1- 3 |  4- 6 || total
-------------------------+-------+-------++-------
Melee: Unarmed           |   172 |    71 ||   243
       Punch             |     1 |     1 ||     2
 Cast: Corona            |     1 |     5 ||     6
  Use: Scroll            |     4 |       ||     4
       Potion            |     2 |     1 ||     3
 Stab: Sleeping          |     3 |     1 ||     4
       Invisible         |       |     1 ||     1
  Eat: Chunk             |    15 |     5 ||    20
Armor: Robe              |    34 |    15 ||    49
Dodge: Dodged            |    92 |    40 ||   132

Table legend:
 A = Non-vault XP
 B = Vault XP
 C = Vault XP percentage of total XP
 D = Non-vault monster count
 E = Vault monster count
 F = Vault count percentage of total count
                 A         B        C        D         E       F
            +---------+---------+-------+---------+---------+-------
      Total |      81 |      66 |  44.9 |      31 |      14 |  31.1
            +---------+---------+-------+---------+---------+-------
        D:1 |      35 |       0 |   0.0 |      21 |       0 |   0.0
        D:2 |      46 |      66 |  58.9 |      10 |      14 |  58.3
            +---------+---------+-------+---------+---------+-------
